Map: Catalyst LE

Players

Elentos - Winner!

  • Race: Terran Terran
  • League: Master
  • Spawn Location: 5:00

Cellsidus

  • Race: Zerg Zerg
  • League: Master
  • Spawn Location: 11:00

VOD

Have the link to the VOD?

Description

Time

  • Played on: May 25, 2018, 3:54 a.m.
  • Length: 20:10
Show
View Real Time Build Order
Export as new Build Order

Elentos Terran - Winner!

Build Orders: Reaper Expand, MMM Bio 

Get SALT Encoding   

  12  0:01  SCV  
  13  0:13  SCV  
  14  0:17  Supply Depot  
  14  0:25  SCV  
  15  0:39  SCV  
  15  0:40  Barracks  
  16  0:45  Refinery  
  16  0:51  SCV  
  17  1:03  SCV  
  18  1:15  SCV  
  19  1:28  Reaper  
  19  1:29  Orbital Command  
  20  1:44  Command Center  
  20  1:54  SCV  
  20  2:00  Marine  
  22  2:02  Supply Depot  
  22  2:06  SCV  
  23  2:14  Factory  
  23  2:23  Barracks Reactor, SCV  
  24  2:39  SCV  
  25  2:44  Refinery  
  25  2:51  SCV  
  25  3:15  Starport  
  25  3:16  Orbital Command  
  25  3:18  Hellion, Barracks Tech Lab  
  25  3:19  Hellion  
  29  3:21  SCV  
  30  3:36  Supply Depot  
  30  3:40  Hellion x2, SCV  
  35  3:42  SCV  
  36  3:52  SCV  
  37  3:56  SCV  
  37  3:59  Viking  
  37  4:01  Supply Depot  
  44  4:02  Hellion x2  
  44  4:04  SCV, Barracks Tech Lab  
  44  4:08  SCV  
  46  4:16  SCV  
  47  4:20  SCV  
  48  4:25  Command Center  
  48  4:29  Supply Depot  
  48  4:31  Hellion x2  
  52  4:32  Raven  
  52  4:35  SCV x2  
  56  5:00  SCV  
  56  5:01  Stimpack, Marine, SCV  
  56  5:02  Hellion x2  
  56  5:06  Refinery  
  59  5:08  Engineering Bay x2  
  59  5:13  SCV  
  56  5:14  SCV  
  57  5:25  SCV  
  58  5:30  Barracks  
  58  5:36  Barracks  
  58  5:38  SCV  
  58  5:40  Orbital Command, Siege Tank  
  58  5:41  Starport Reactor, Terran Infantry Weapons Level 1, Terran Infantry Armor Level 1  
  62  6:02  SCV  
  62  6:03  SCV  
  64  6:05  SCV  
  64  6:09  Refinery, Supply Depot  
  65  6:12  Supply Depot  
  65  6:18  Medivac x2, Marine x2  
  69  6:19  Marine, Siege Tank  
  69  6:24  SCV x2  
  77  6:37  Barracks Reactor, Marine x2  
  77  6:38  Marine  
  80  6:40  Barracks x2  
  80  6:48  SCV x2  
  85  6:54  Siege Tank  
  85  6:55  Marine x2  
  85  6:56  Marine  
  88  7:02  Combat Shields  
  88  7:04  SCV  
  88  7:07  Supply Depot  
  89  7:12  Supply Depot, SCV  
  89  7:15  Orbital Command  
  90  7:25  SCV x2  
  90  7:28  Marine x3  
  90  7:29  Barracks Reactor, Marine x2  
  96  7:30  Medivac, Marine, Siege Tank  
  96  7:31  Medivac  
  105  7:37  SCV  
  105  7:39  Supply Depot  
  105  7:40  SCV x2  
  105  7:41  Supply Depot  
  108  7:46  Marine x3  
  108  7:47  Marine  
  108  7:49  SCV  
  108  7:51  Armory, Supply Depot  
  113  7:56  SCV x2  
  103  8:13  SCV x3  
  103  8:15  Marine x6  
  103  8:17  Barracks Tech Lab  
  103  8:18  Medivac x2, Siege Tank  
  119  8:21  Supply Depot  
  119  8:25  SCV x2  
  121  8:34  SCV  
  122  8:36  Refinery x2  
  122  8:37  SCV  
  122  8:40  Supply Depot, Marine  
  124  8:41  Command Center  
  124  8:42  Supply Depot  
  124  8:44  Terran Infantry Weapons Level 2  
  124  8:46  Concussive Shells  
  124  8:48  Terran Infantry Armor Level 2  
  124  9:00  Terran Vehicle And Ship Armor Level 1  
  124  9:01  Marine x5  
  124  9:02  Marauder x2  
  133  9:10  SCV x2  
  133  9:15  Supply Depot  
  133  9:18  Marine x2  
  133  9:19  Marine x2  
  133  9:23  Marauder  
  139  9:24  Supply Depot  
  139  9:26  Supply Depot x2  
  128  9:56  Marine x2  
  128  9:57  Marine x6  
  128  9:58  Medivac x2, Siege Tank  
  134  10:03  Sensor Tower  
  134  10:13  Refinery x2  
  134  10:14  Marine x2  
  134  10:15  Marauder x2  
  134  10:16  Barracks  
  134  10:20  Barracks  
  140  10:22  Barracks  
  140  10:23  Ghost Academy  
  140  10:36  Marauder  
  142  10:45  Marine  
  142  10:46  Marine x6, Siege Tank  
  152  10:54  Command Center  
  152  10:57  Marine, Terran Vehicle And Ship Armor Level 2  
  155  11:04  Marauder  
  155  11:06  Barracks Tech Lab  
  155  11:09  Barracks Reactor, Barracks Tech Lab  
  155  11:17  SCV x3  
  158  11:29  SCV  
  144  11:49  Terran Infantry Armor Level 3, Terran Infantry Weapons Level 3  
  144  11:53  Marine  
  119  11:54  Marine x7  
  119  11:55  Marauder x3  
  119  11:59  Siege Tank  
  127  12:01  Barracks Tech Lab  
  120  12:11  Marine  
  120  12:14  Command Center  
  119  12:18  Command Center  
  119  12:21  Marine x11  
  119  12:22  Medivac x2  
  134  12:29  SCV x2  
  136  12:30  Command Center  
  136  12:40  Marauder  
  136  12:41  SCV  
  136  12:42  SCV  
  136  12:43  Marine x7  
  136  12:44  Marine  
  134  13:03  Marine  
  134  13:04  Marine x6  
  125  13:27  Marine  
  125  13:28  Marine  
  125  13:29  Medivac x2, Marine x4  
  135  13:37  Planetary Fortress  
  135  13:41  Planetary Fortress  
  135  13:56  Terran Vehicle And Ship Armor Level 3  
  135  14:05  SCV x3  
  135  14:07  Personal Cloaking  
  138  14:10  Marine x3  
  138  14:11  Marauder x2, Marine x2  
  147  14:19  SCV x2  
  147  14:22  Orbital Command  
  149  14:25  Supply Depot  
  149  14:26  Supply Depot  
  139  14:49  Marine x3  
  139  14:50  Marauder, Marine x8  
  139  14:51  Medivac x2, Siege Tank  
  142  14:54  SCV x4  
  143  15:05  SCV  
  143  15:06  SCV  
  145  15:07  Ghost x2  
  145  15:08  Marauder, Marine x2  
  147  15:26  Refinery  
  147  15:28  Refinery  
  141  15:39  Ghost x4  
  135  15:58  Marine x2  
  135  16:00  Marine x2  
  135  16:01  Liberator x2, Marine x3, Nuke  
  144  16:07  Barracks, Ghost x3  
  144  16:08  Marauder, Barracks  
  144  16:10  Barracks x2  
  144  16:11  Starport  
  151  16:23  Marine x5  
  151  16:24  Marine x3  
  162  16:30  Marauder  
  164  16:36  Marine  
  164  16:37  Marauder x2  
  169  16:40  Marine  
  169  16:41  Marine x5  
  169  16:42  Marine x2  
  177  16:51  Marine  
  160  16:54  Marine  
  160  16:57  Marine x2  
  160  16:58  Marine  
  163  17:07  Marine x3, Barracks Tech Lab  
  163  17:08  Barracks Tech Lab x2  
  166  17:09  Barracks Tech Lab  
  166  17:10  Starport Reactor  
  163  17:23  Liberator x2  
  163  17:25  Command Center  
  158  17:37  Marauder x5, Marine x4  
  158  17:38  Marauder x3, Marine  
  158  17:39  Siege Tank  
  183  17:58  Marauder  
  183  18:00  Marauder x4, Marine x3  
  183  18:03  Nuke  
  194  18:05  Hi-Sec Auto Tracking  
  194  18:06  Building Armor  
  194  18:07  Ghost Academy  
  194  18:08  Terran Ship Weapons Level 1  
  194  18:21  Marauder x3  
  190  18:59  Nuke  
  190  19:03  Planetary Fortress  
  190  19:05  Refinery  
  190  19:13  Nuke  
  189  19:22  Marine  
  189  19:23  Marauder, Marine x8  
  189  19:24  Marauder  
  200  19:28  Refinery  
  192  19:49  Marine x2  
Show
View Real Time Build Order
Export as new Build Order

Cellsidus Zerg 

Build Orders: Hatch First 

Get SALT Encoding   

  12  0:00  Drone  
  13  0:12  Overlord  
  13  0:17  Drone  
  14  0:31  Drone x2  
  14  0:35  Drone  
  17  0:55  Hatchery  
  17  0:57  Drone  
  17  1:00  Drone  
  18  1:11  Extractor  
  17  1:15  Spawning Pool  
  17  1:18  Drone  
  17  1:21  Drone  
  18  1:29  Drone  
  19  1:40  Overlord  
  19  1:53  Drone  
  20  2:02  Zergling x2  
  20  2:07  Queen x2  
  20  2:08  Zergling x2  
  26  2:12  Metabolic Boost  
  26  2:13  Drone  
  27  2:18  Drone  
  28  2:23  Drone  
  28  2:28  Drone  
  30  2:35  Drone  
  31  2:39  Overlord  
  31  2:46  Queen  
  31  2:50  Drone x2  
  35  3:10  Hatchery  
  35  3:12  Drone x4  
  38  3:16  Drone x2  
  38  3:17  Drone x3  
  43  3:21  Overlord  
  43  3:34  Extractor  
  43  3:36  Extractor  
  43  3:37  Drone x3  
  44  3:47  Drone x3  
  47  3:48  Lair  
  47  3:51  Drone x2  
  47  3:53  Drone  
  50  3:57  Extractor  
  50  3:58  Drone x3  
  52  4:03  Overlord  
  52  4:07  Overlord  
  52  4:22  Queen  
  54  4:24  Queen  
  54  4:26  Drone x6  
  54  4:27  Zergling x2  
  63  4:40  Zergling x6  
  65  4:48  Zergling x6  
  65  4:50  Overlord x3  
  62  5:02  Zergling x6  
  65  5:17  Drone x3  
  65  5:18  Drone x5  
  73  5:25  Drone x4  
  73  5:26  Drone  
  78  5:31  Hydralisk Den  
  78  5:33  Drone  
  78  5:34  Evolution Chamber, Drone x2  
  79  5:36  Evolution Chamber  
  79  5:37  Queen  
  79  5:38  Queen  
  79  5:40  Drone, Extractor  
  79  5:42  Overlord x3  
  80  5:59  Zergling x6  
  80  6:03  Drone x2  
  82  6:18  Drone x3  
  83  6:19  Grooved Spines  
  83  6:20  Zerg Ground Armor Level 1, Zerg Missile Weapons Level 1  
  83  6:22  Zergling x6  
  83  6:23  Zergling x4  
  89  6:29  Drone x2  
  89  6:31  Drone  
  92  6:36  Hydralisk  
  92  6:37  Hydralisk x6  
  106  6:44  Hatchery  
  104  7:00  Drone  
  105  7:03  Overlord x3  
  105  7:22  Hydralisk  
  105  7:23  Hydralisk x7  
  118  7:32  Muscular Augments  
  118  7:34  Baneling Nest  
  118  7:35  Hydralisk x4  
  118  7:36  Hydralisk x3  
  128  7:39  Drone x2  
  130  7:46  Overlord  
  130  7:47  Overlord x2  
  131  7:58  Drone x3  
  131  7:59  Drone  
  131  8:00  Queen  
  131  8:04  Zergling x4  
  131  8:05  Zergling x4  
  133  8:14  Drone x4  
  133  8:15  Drone x4, Queen  
  133  8:18  Drone x3  
  133  8:19  Drone  
  147  8:22  Zerg Missile Weapons Level 2  
  147  8:23  Zerg Ground Armor Level 2  
  147  8:27  Centrifical Hooks  
  147  8:30  Drone  
  147  8:31  Drone x4  
  147  8:32  Overlord  
  152  8:35  Overlord  
  152  8:49  Drone  
  152  8:50  Drone x3, Extractor  
  152  8:52  Drone  
  156  9:06  Hatchery, Zergling x6  
  156  9:07  Zergling x12  
  164  9:24  Hydralisk x3, Zergling x10  
  165  9:26  Baneling  
  165  9:27  Baneling  
  165  9:28  Baneling x17  
  165  9:31  Zergling x4  
  176  9:34  Overlord x3  
  156  9:48  Hydralisk x5, Zergling x4  
  156  9:49  Zergling x4  
  168  10:04  Drone  
  169  10:08  Hydralisk x4, Zergling x2  
  169  10:09  Hydralisk, Zergling x4  
  169  10:12  Drone  
  183  10:18  Hatchery  
  183  10:20  Drone x3  
  181  10:29  Hydralisk x2  
  181  10:30  Hydralisk, Zergling x2  
  181  10:34  Baneling x6  
  186  10:40  Zerg Melee Weapons Level 1  
  186  10:43  Drone  
  186  10:46  Infestation Pit  
  186  10:50  Drone x3  
  186  10:51  Drone x3  
  186  10:53  Drone, Extractor  
  186  10:54  Drone x3  
  195  11:03  Hydralisk x2  
  199  11:17  Zergling x4  
  196  11:32  Hydralisk x2  
  192  11:33  Zergling x6  
  134  11:55  Hydralisk x3  
  134  11:56  Hydralisk x6, Zergling x12  
  134  11:57  Hydralisk, Zergling x10  
  134  11:58  Zergling x2  
  154  12:13  Hydralisk x2  
  154  12:14  Zergling x4  
  138  12:17  Hive  
  138  12:25  Drone x3  
  138  12:26  Drone x4  
  138  12:28  Queen  
  138  12:29  Drone x2  
  149  12:30  Drone x2  
  144  12:39  Hydralisk, Zergling x4  
  144  12:42  Baneling x8  
  144  12:43  Baneling x11  
  142  12:49  Drone  
  142  12:50  Hydralisk x2  
  142  12:51  Hydralisk x2, Zergling x10  
  135  13:00  Zergling x2  
  135  13:02  Zergling x10  
  135  13:03  Queen  
  143  13:05  Zergling x2  
  143  13:09  Hydralisk  
  148  13:14  Hydralisk x2, Zergling x2  
  148  13:15  Zergling x2  
  145  13:23  Hydralisk x4, Zergling x4  
  145  13:24  Zergling x4  
  139  13:27  Zergling x2  
  139  13:28  Baneling x5  
  139  13:30  Hydralisk x4  
  148  13:36  Zergling x4  
  148  13:37  Zergling x4  
  145  13:42  Zerg Missile Weapons Level 3, Zerg Ground Armor Level 3  
  145  13:43  Hydralisk x2, Zergling x2  
  145  13:44  Hydralisk, Zergling x2  
  145  13:51  Hydralisk x4  
  145  13:52  Ultralisk Cavern, Zergling x6  
  153  14:06  Zergling x8  
  153  14:08  Overlord x3, Viper  
  160  14:12  Viper  
  160  14:13  Viper x2  
  160  14:17  Hatchery  
  168  14:18  Hydralisk x3, Zergling x6  
  168  14:22  Baneling x3  
  168  14:23  Baneling x3, Zergling x2  
  163  14:32  Hydralisk x2  
  163  14:33  Zergling x8  
  163  14:36  Zergling x4  
  163  14:38  Hydralisk  
  154  14:47  Hydralisk  
  154  14:48  Ultralisk, Hydralisk, Zergling x4  
  154  14:49  Ultralisk, Zergling x6  
  146  14:56  Ultralisk  
  139  15:01  Hydralisk x2  
  139  15:02  Zergling x2  
  139  15:03  Zergling x4  
  146  15:09  Zergling x4  
  146  15:11  Hydralisk x3, Zergling x2  
  146  15:12  Zergling x2  
  146  15:13  Zergling x4  
  149  15:25  Hydralisk x2  
  149  15:26  Hydralisk, Zergling x8  
  152  15:30  Hydralisk  
  152  15:31  Zergling x4  
  149  15:36  Hydralisk  
  151  15:43  Drone x6  
  151  15:44  Drone x2, Hydralisk  
  151  15:45  Zergling x4  
  152  15:58  Hydralisk x2, Zergling x4  
  152  15:59  Zergling x2  
  159  16:05  Drone x3  
  159  16:06  Drone  
  159  16:11  Drone x3, Extractor  
  166  16:13  Zergling x4  
  166  16:14  Zergling x10  
  172  16:26  Hydralisk x2, Zergling x2  
  172  16:31  Hatchery  
  186  16:40  Ultralisk x2, Zergling x2  
  186  16:44  Hatchery  
  172  16:53  Hydralisk x4, Zergling x4  
  172  16:54  Zergling x8  
  137  16:57  Zergling x4  
  137  16:58  Zergling x2  
  137  17:00  Baneling x2  
  128  17:01  Zergling x2  
  128  17:02  Zergling x2  
  128  17:06  Chitinous Plating  
  120  17:13  Zergling x4  
  88  17:28  Hydralisk x3, Zergling x2  
  88  17:29  Zergling x6  
  83  17:37  Zergling x2  
  83  17:38  Zergling x2  
  83  17:43  Zergling x2  
  77  17:54  Hydralisk, Zergling x2  
  77  17:55  Zergling x4  
  74  18:01  Zergling x2  
  74  18:02  Zergling x4  
  73  18:20  Ultralisk  
  76  18:27  Hydralisk, Zergling x2  
  76  18:28  Zergling x2  
  76  18:37  Ultralisk  
  73  18:47  Hydralisk x2  
  73  18:48  Zergling x4  
  71  18:52  Baneling x4  
  60  19:02  Drone x2  
  53  19:10  Overseer  
  49  19:17  Hydralisk  
  46  19:24  Zergling x2  
  46  19:25  Zergling x2  
  41  19:44  Drone x3  
  44  19:57  Drone  
Tags
 
Add a new tag
Caveats
  • Supply blocks, unpowered buildings, or Contaminate may cause inaccurate times.
  • Supply counts are checked every 10 seconds.